 Dungeon Crawl Stone Soup version 0.30.0-15-g856e2d3f33 (webtiles) character file.

Game seed: 9990843409677717916

389 qw the Chopper (level 6, -2/39 HPs)
             Began as a Gargoyle Fighter on May 21, 2023.
             Slain by Edmund
             ... wielding a +1 dire flail of holy wrath
              (11 damage)
             ... on level 4 of the Dungeon.
             The game lasted 00:01:27 (3303 turns).

qw the Chopper (Gargoyle Fighter)                   Turns: 3303, Time: 00:01:27

Health: -2/39      AC: 11    Str: 21    XL:     6   Next: 79%
Magic:  6/6        EV:  9    Int:  9    God:
Gold:   183        SH:  4    Dex:  9    Spells: 5/5 levels left

rFire   . . .        Y - +0 war axe (flame)
rCold   . . .        c - +0 buckler
rNeg    + . .        b - +0 scale mail
rPois   inf          (no helmet)
rElec   +            (no cloak)
rCorr   .            (no gloves)
SInv    .            (no boots)
Will    .....        (no amulet) Stlth
                     (no ring)
HPRegen 0.26/turn    (no ring)
MPRegen 0.10/turn

%: no passive effects
@: no status effects
A: sickness immunity, AC +4, negative energy resistance 1, electricity
resistance, torment resistance 1, petrification resistance
a: no special abilities


You were on level 4 of the Dungeon.
You visited 1 branch of the dungeon, and saw 4 of its levels.

You collected 183 gold pieces.


Innate Abilities, Weirdness & Mutations

You are immune to sickness and miasma.
Your stone body is resilient. (AC +4)
You are immune to poison.
You resist negative energy. (rN+)
You are resistant to electric shocks. (rElec)
You are resistant to unholy torment.
You are immune to petrification.


   Skills:
 - Level 4.5 Fighting
 + Level 5.6 Axes
 - Level 3.2 Armour
 - Level 1.1 Dodging
 - Level 3.2 Shields


You had 5 spell levels left.
You didn't know any spells.
Your spell library was empty.

Inventory:

Hand Weapons
 Y - a +0 war axe of flaming (weapon)
Armour
 b - a +0 scale mail (worn)
 c - a +0 buckler (worn)
Scrolls
 a - a scroll of enchant armour
 e - 2 scrolls of torment {unknown}
Potions
 d - 2 potions of might
 f - a potion of curing {unknown}
 i - a potion of heal wounds {unknown}
 j - a potion of attraction {unknown}
 k - a potion of flight {unknown}
 l - a potion of invisibility {unknown}

Dungeon Overview and Level Annotations

Branches:
Dungeon (4/15)
 Temple: D:4-7

Altars:

Annotations:
D:4 Edmund


Message History

Edmund is moderately wounded.
Edmund says, "What use are spells, anyway?"
Edmund closely misses you.
You closely miss Edmund.
Edmund is moderately wounded.
You hit the scorpion. You burn the scorpion.
The scorpion completely misses you.
Edmund hits you with a +1 dire flail of holy wrath!
The scorpion stings you.
You barely miss the scorpion.
The scorpion is heavily wounded.
You barely miss Edmund.
Edmund hits you with a +1 dire flail of holy wrath!
The scorpion stings you. Edmund hits you but does no damage.
You slash Edmund! You burn Edmund!
Edmund is severely wounded.
You closely miss the scorpion. You block the scorpion's attack.
Edmund closely misses you.
The scorpion stings you but does no damage.
You closely miss Edmund.
Edmund is severely wounded.
You closely miss the scorpion.
The scorpion stings you but does no damage.
Edmund closely misses you.
You barely miss Edmund.
Edmund is severely wounded.
You slash the scorpion! You burn the scorpion. The scorpion stings you.
Edmund hits you but does no damage. The scorpion stings you.
You closely miss the scorpion.
The scorpion is almost dead.
You closely miss Edmund.
Edmund hits you with a +1 dire flail of holy wrath.
The scorpion barely misses you. Edmund completely misses you.
You barely miss the scorpion.
The scorpion is almost dead.
You hit Edmund. You burn Edmund. The scorpion closely misses you.
Edmund hits you with a +1 dire flail of holy wrath!
You die...

#..... l#...
#... ...
####..## ..>...#
#.##..@# #...s@#
#.##.#.# ..
#.#### #. #....#
# ####.# #.#
.######.########
..........<.....
.######.########


You could see Edmund, a scorpion and an iguana.

Vanquished Creatures
  A black bear (D:2)
  A phantom (D:4)
  A scorpion (D:3)
  An iguana (D:3)
  An orc wizard (D:3)
  3 adders
  2 dart slugs
  5 orcs (D:3)
  6 bats
  7 endoplasms
  4 giant cockroaches
  11 goblins
  3 hobgoblins
  4 jackals (D:1)
  2 quokkas
  8 ball pythons
  13 frilled lizards (D:3)
  3 kobolds
  8 rats
84 creatures vanquished.

Notes
Turn   | Place    | Note
-------+----------+-------------------------------------------
     0 | D:1      | qw the Gargoyle Fighter began the quest for the Orb.
     0 | D:1      | Reached XP level 1. HP: 14/14 MP: 1/1
     0 | D:1      | 0 ||| qw: Version: 0.2-a-98-g16b38d9
     0 | D:1      | 0 ||| qw: Game counter: 18
     0 | D:1      | 0 ||| qw: Always use a shield: true
     0 | D:1      | 0 ||| qw: God list: Okawaru
     0 | D:1      | 0 ||| qw: Allow faded altars: false
     0 | D:1      | 0 ||| qw: Do Orc after D:15 true
     0 | D:1      | 0 ||| qw: Do second Lair branch before Depths: true
     0 | D:1      | 0 ||| qw: Lair rune preference: random
     0 | D:1      | 0 ||| qw: Plans: Normal, Zot:1-4, God:TSO, Crypt, Tomb,
                  | Pan, Slime:5, Hells, Abyss, Win
     0 | D:1      | 0 ||| PLANNING D:1-11
    64 | D:1      | Reached skill level 2 in Axes
    65 | D:1      | 65 ||| Stepping ~*~*~tactically~*~*~ (stealth).
    66 | D:1      | 66 ||| Stepping ~*~*~tactically~*~*~ (stealth).
    72 | D:1      | 72 ||| Stepping ~*~*~tactically~*~*~ (stealth).
    73 | D:1      | 73 ||| Stepping ~*~*~tactically~*~*~ (stealth).
    74 | D:1      | 74 ||| Stepping ~*~*~tactically~*~*~ (stealth).
    75 | D:1      | 75 ||| Stepping ~*~*~tactically~*~*~ (stealth).
    76 | D:1      | 76 ||| Stepping ~*~*~tactically~*~*~ (stealth).
    95 | D:1      | Reached XP level 2. HP: 19/19 MP: 2/2
   240 | D:1      | 240 ||| Stepping ~*~*~tactically~*~*~ (stealth).
   461 | D:1      | Reached skill level 3 in Axes
   560 | D:1      | Reached XP level 3. HP: 14/23 MP: 3/3
   702 | D:1      | 702 ||| Stepping ~*~*~tactically~*~*~ (hiding).
   846 | D:1      | 846 ||| DROPPING +0 club.
  1101 | D:1      | 1101 ||| READING scroll labelled RUSKIH WALEEMM.
  1102 | D:1      | 1102 ||| READING scroll labelled GYFEUKH NAEWU.
  1103 | D:1      | 1103 ||| READING scroll labelled XAQAMYSH OHARHUWK.
  1104 | D:1      | 1104 ||| DROPPING +0 mace.
  1146 | D:2      | 1146 ||| Stepping ~*~*~tactically~*~*~ (stealth).
  1525 | D:2      | 1525 ||| Stepping ~*~*~tactically~*~*~ (stealth).
  1526 | D:2      | 1526 ||| Stepping ~*~*~tactically~*~*~ (stealth).
  1527 | D:2      | 1527 ||| Stepping ~*~*~tactically~*~*~ (stealth).
  1697 | D:2      | 1697 ||| READING scroll labelled QIDORI QISH.
  1728 | D:3      | Noticed a black bear
  1733 | D:3      | 1733 ||| STAIRDANCE
  1735 | D:2      | Killed a black bear
  1736 | D:2      | Reached skill level 4 in Axes
  1736 | D:2      | Reached XP level 4. HP: 9/28 MP: 4/4
  1736 | D:2      | Reached XP level 5. HP: 11/32 MP: 5/5
  1964 | D:3      | 1964 ||| Stepping ~*~*~tactically~*~*~ (hiding).
  2151 | D:3      | Reached skill level 5 in Axes
  2165 | D:3      | 2165 ||| Stepping ~*~*~tactically~*~*~ (stealth).
  2166 | D:3      | 2166 ||| Stepping ~*~*~tactically~*~*~ (stealth).
  2190 | D:3      | 2190 ||| Stepping ~*~*~tactically~*~*~ (stealth).
  2191 | D:3      | 2191 ||| Stepping ~*~*~tactically~*~*~ (stealth).
  2199 | D:3      | 2199 ||| Stepping ~*~*~tactically~*~*~ (stealth).
  2286 | D:3      | Reached XP level 6. HP: 39/39 MP: 6/6
  2456 | D:3      | 2456 ||| Stepping ~*~*~tactically~*~*~ (stealth).
  2492 | D:3      | 2492 ||| Stepping ~*~*~tactically~*~*~ (hiding).
  2675 | D:3      | 2675 ||| Stepping ~*~*~tactically~*~*~ (hiding).
  2687 | D:3      | Reached skill level 1 in Dodging
  2696 | D:3      | 2696 ||| Stepping ~*~*~tactically~*~*~ (stealth).
  2867 | D:3      | 2867 ||| Stepping ~*~*~tactically~*~*~ (stealth).
  2915 | D:3      | 2915 ||| Stepping ~*~*~tactically~*~*~ (stealth).
  3001 | D:3      | 3001 ||| READING scroll labelled FUPNOTARPHE.
  3006 | D:3      | 3006 ||| READING scroll labelled LUTOUB MONWACS.
  3146 | D:4      | 3146 ||| Stepping ~*~*~tactically~*~*~ (stealth).
  3147 | D:4      | 3147 ||| Stepping ~*~*~tactically~*~*~ (stealth).
  3286 | D:4      | Noticed Edmund
  3302 | D:4      | HP: 9/39 [Edmund/+1 dire flail of holy wrath (3)]
  3303 | D:4      | Slain by Edmund

Levels and vault maps discovered:
D:1:      dpeg_arrival_solitude, layout_basic
D:2:      layout_basic
D:3:      layout_basic, minmay_lizard_king
D:4:      layout_loops_ring, temple_statues,
          nicolae_concentric_dashed_squares_mild, kennysheep_generic_room_14,
          uniq_edmund, uniq_ijyb

Skill      XL: |  1  2  3  4  5  6 |
---------------+-------------------+-----
Axes           | 2 3 4 5 |  5.6
Fighting       | 4 |  4.5
Dodging        | 1 |  1.1
Armour         | |  3.2
Shields        | |  3.2

Action                     |  1- 3 |  4- 6 || total
---------------------------+-------+-------++-------
  Melee: War axe           |   106 |   116 ||   222
  Throw: Boomerang         |    23 |    37 ||    60
    Use: Scroll            |     4 |     2 ||     6
 Armour: Scale mail        |    64 |    49 ||   113
  Dodge: Dodged            |    56 |    52 ||   108
  Block: Buckler           |    17 |    16 ||    33

Table legend:
 A = Non-vault XP
 B = Vault XP
 C = Vault XP percentage of total XP
 D = Non-vault monster count
 E = Vault monster count
 F = Vault count percentage of total count
                 A         B        C        D         E       F
            +---------+---------+-------+---------+---------+-------
      Total |     546 |      10 |   1.8 |      74 |      10 |  11.9
            +---------+---------+-------+---------+---------+-------
        D:1 |      47 |       0 |   0.0 |      27 |       0 |   0.0
        D:2 |     149 |       0 |   0.0 |      17 |       0 |   0.0
        D:3 |     226 |      10 |   4.2 |      26 |      10 |  27.8
        D:4 |     124 |       0 |   0.0 |       4 |       0 |   0.0
            +---------+---------+-------+---------+---------+-------
